 Dungeon Crawl Stone Soup version 0.20-a0-3-g334f831 (webtiles) character file.

252 mrath the Cudgeler (level 5, -1/46 HPs)
             Began as a Minotaur Fighter on Oct 30, 2016.
             Killed from afar by Blork the orc (8 damage)
             ... with a magic dart
             ... on level 5 of the Dungeon.
             The game lasted 00:14:41 (3183 turns).

mrath the Cudgeler (Minotaur Fighter)               Turns: 3183, Time: 00:14:42

Health: -1/46      AC:  9    Str: 21    XL:     5   Next: 89%
Magic:  4/4        EV:  5    Int:  5    God:
Gold:   270        SH:  9    Dex: 10    Spells: 0 memorised, 4 levels left

rFire  . . .     SeeInvis +     a - +0 flail
rCold  . . .     Gourm    +     B - +0 chain mail
rNeg   . . .     Faith    .     c - +0 shield
rPois  .         Spirit   .     (helmet restricted)
rElec  .         Reflect  .     (no cloak)
rCorr  .         Harm     .     (no gloves)
MR     .....                    (no boots)
Stlth  ..........               D - amulet of the gourmand
                                x - ring of stealth
                                h - ring of see invisible

@: no status effects
A: retaliatory headbutt, horns 2
a: no special abilities


You were on level 5 of the Dungeon.
You were not hungry.

You visited 1 branch of the dungeon, and saw 5 of its levels.

You collected 270 gold pieces.

Inventory:

Hand Weapons
 a - a +0 flail (weapon)
 n - a +2 spear of venom
 A - a +0 war axe
Missiles
 l - 131 stones (quivered)
 J - 17 poisoned needles
Armour
 c - a +0 shield (worn)
 y - a +0 plate armour
 B - a +0 chain mail (worn)
Jewellery
 b - a +2 ring of evasion {unknown}
 h - a ring of see invisible (left hand)
 x - a ring of stealth (right hand)
 D - an amulet of the gourmand (around neck)
Scrolls
 i - 2 scrolls of amnesia {unknown}
 j - a scroll of random uselessness {unknown}
 o - a scroll of fear {unknown}
 r - 3 scrolls of remove curse
 s - 2 scrolls of immolation {unknown}
 t - a scroll of magic mapping {unknown}
 v - 2 scrolls of fog {unknown}
 C - 5 scrolls of recharging
 E - 2 scrolls of enchant weapon {unknown}
 F - a scroll of enchant armour {unknown}
 G - 3 scrolls of teleportation
 H - 2 scrolls of identify
Potions
 d - a potion of might
 e - 2 potions of mutation {unknown}
 k - 2 potions of haste {unknown}
 m - a potion of heal wounds {unknown}
 p - 2 potions of curing {unknown}
 q - a potion of agility {unknown}
 z - 3 potions of lignification {unknown}
Books
 I - a book of Minor Magic

   Spells                             Type                      Level
   a - Magic Dart                     Conjuration                  1
   b - Blink                          Translocation                2
   c - Call Imp                       Summoning                    2
   d - Repel Missiles                 Charms/Air                   2
   e - Slow                           Hexes                        2
   f - Conjure Flame                  Conjuration/Fire             3
   g - Mephitic Cloud                 Conjuration/Poison/Air       3
Comestibles
 f - 2 bread rations
 g - a slice of pizza
 u - 4 fruits
 w - a meat ration


   Skills:
 + Level 3.8 Fighting
 + Level 7.1 Maces & Flails
 + Level 0.2 Throwing
 + Level 3.8 Armour
 + Level 0.4 Dodging
 + Level 3.9 Shields


You had 4 spell levels left.
You didn't know any spells.

Dungeon Overview and Level Annotations

Branches:
Dungeon (5/15)
 Temple: D:4-7

Altars:
Nemelex Xobeh

Shops:
D:4 [

Annotations:
D:5 Blork the orc, Menkaure


Innate Abilities, Weirdness & Mutations

You reflexively headbutt those who attack you in melee.
You have a pair of horns on your head.


Message History

You see here a scale mail.
Menkaure, Prince of Dust comes into view.
Menkaure shouts!
Menkaure calls on the powers of darkness!
Your body is wracked with pain!
Blork the orc comes into view.
He is wielding a long sword.
Blork the orc casts a spell at you. The puff of flame hits you!
Menkaure calls on the powers of darkness!
Your body is wracked with pain!
* * * LOW HITPOINT WARNING * * *
Blork the orc screams, "I'll crush all your ribs!
One by one!"
Menkaure breathes soot at you.
Blork the orc gestures at you while chanting.
The magic dart hits you!
* * * LOW HITPOINT WARNING * * *
Menkaure murmurs, "It doesn't hurt if you pull your brain out of your nose yourself."
Blork the orc casts a spell at you. The magic dart hits you!
You die...

#. #.# #. #.#
##.###.#
#...##.###
#..o..... ..#
#......#######
#.###
###..#.........
.....
#..M.....## #...
.....#...#.@.#
#..#
...####+####.#
#..# #
#.......#[# #..#
#.⌠...⌠.#.# #..#
#.......#.# #..#
+...⌠...'.# #..#
#.......### #<.#
########.⌠...⌠.#
#..####
.......#.......#
#..!..#


You could see Blork the orc and Menkaure.

Vanquished Creatures
  An ogre (D:4)
  A worker ant (D:4)
  7 adders
  An ooze (D:2)
  3 worms
  2 dart slugs (D:1)
  2 leopard geckos
  3 orcs
  A ball python (D:1)
  4 giant cockroaches
  7 goblins
  4 hobgoblins
  5 jackals (D:1)
  2 quokkas
  7 bats
  2 frilled lizards
  3 kobolds
  9 rats
64 creatures vanquished.

Vanquished Creatures (others)
  4 toadstools (D:1)
4 creatures vanquished.

Grand Total: 68 creatures vanquished

Notes
Turn   | Place    | Note
-------+----------+-------------------------------------------
     0 | D:1      | mrath the Minotaur Fighter began the quest for the Orb.
     0 | D:1      | Reached XP level 1. HP: 19/19 MP: 0/0
   113 | D:1      | Reached skill level 3 in Maces & Flails
   199 | D:1      | Reached XP level 2. HP: 26/26 MP: 1/1
   479 | D:1      | Reached skill level 4 in Maces & Flails
   671 | D:1      | Reached XP level 3. HP: 31/31 MP: 2/2
  1411 | D:3      | Found a sparkling altar of Nemelex Xobeh.
  1554 | D:3      | Reached skill level 5 in Maces & Flails
  1701 | D:3      | Reached XP level 4. HP: 39/39 MP: 3/3
  2185 | D:4      | Noticed an ogre
  2190 | D:4      | Killed an ogre
  2190 | D:4      | Reached skill level 6 in Maces & Flails
  2190 | D:4      | Reached XP level 5. HP: 29/45 MP: 4/4
  2756 | D:4      | Reached skill level 7 in Maces & Flails
  2861 | D:4      | Found Zahiwo Peyts's Armour Shop.
  3002 | D:5      | Entered Level 5 of the Dungeon
  3177 | D:5      | Noticed Menkaure
  3178 | D:5      | Noticed Blork the orc
  3183 | D:5      | Killed from afar by Blork the orc

Vault maps used:
D:1:      ldierk_walled_garden_2, serial_forest, infiniplex_forest_lined_3,
          infiniplex_forest_clump_tiny, infiniplex_forest_lined_2,
          infiniplex_forest_lined_room_3, infiniplex_forest_clump_double,
          minmay_misc_feat_pillars
D:3:      lemuel_doored_altar
D:4:      serial_shops, nicolae_shop_behind_doors
D:5:      first_bread, minmay_misc_feat_doors, minivault_4, minmay_fountain_box,
          uniq_menkaure, uniq_blork_the_orc

Skill      XL: |  1  2  3  4  5 |
---------------+----------------+-----
Maces & Flails | 3 4 5 6 7 |  7.1
Fighting       | |  3.8
Throwing       | |  0.2
Armour         | |  3.8
Dodging        | |  0.4
Shields        | |  3.9

Action                   |  1- 3 |  4- 6 || total
-------------------------+-------+-------++-------
Melee: Flail             |   111 |    59 ||   170
       Headbutt          |    14 |     7 ||    21
  Use: Scroll            |       |     5 ||     5
  Eat: Chunk             |     3 |     6 ||     9
Armor: Scale mail        |    56 |    18 ||    74
       Chain mail        |       |     7 ||     7
Dodge: Dodged            |    30 |    13 ||    43
Block: Shield            |    60 |    36 ||    96
